AoeStats
← aupaathletic

Arena

510148789Analyzed
3v3 RM · 1d ago on Sep 29, 2026· 68m 8s· 6 players
Game mode
Random Map
Map size
Normal (6 player)
Population
200
Speed
Normal
Resources
Standard
Victory
Conquest
Starting age
Dark Age
Ending age
Imperial Age
RankedLock teamsTeams togetherTeam positionsShared explorationLock speedFull tech treeHidden civsTurbo modeCheats
Victory
Defeat
🇮🇳 Saracens · India
904
+12
🇺🇸 Bohemians · United States
804
+16
🇹🇷 Franks · Türkiye
714
+21
🇩🇪 Bohemians · Germany
860
-18
🇩🇪 Franks · Germany
801
-16
🇩🇪 Spanish · Germany
785
-15
isai.car.mtz
3:14 Loom
10:55 Feudal Age
13:40 Horse Collar
14:58 Double-Bit Axe
21:25 Castle Age
22:51 Pikeman
23:45 Forging
23:37 Scale Mail Armor
24:33 Bow Saw
25:37 Town Watch
26:40 Squires
26:50 Fletching
29:58 Wheelbarrow
33:10 Heavy Plow
36:19 Imperial Age
33:54 Town Patrol
36:24 Chemistry
35:45 Ballistics
36:13 Murder Holes
37:13 Iron Casting
36:53 Chain Mail Armor
37:21 Siege Engineers
37:21 Houfnice
39:36 Two-Man Saw
38:39 Halberdier
40:13 Caravan
42:01 Arson
44:54 Elite Hussite Wagon
50:07 Conscription
52:41 Wagenburg Tactics
58:34 Fervor
58:58 Sanctity
61:54 Light Cavalry
65:36 Elite Skirmisher
67:37 Scale Barding Armor
68:03 Plate Mail Armor
68:34 Blast Furnace
67:31 Bodkin Arrow
67:36 Padded Archer Armor
oguayd
12:07 Feudal Age
10:23 Loom
12:37 Double-Bit Axe
13:54 Wheelbarrow
14:37 Town Watch
16:16 Arson
22:19 Gold Mining
22:21 Stone Mining
26:43 Castle Age
27:16 Elite Skirmisher
38:28 Hand Cart
41:23 Town Patrol
43:48 Gold Shaft Mining
43:38 Bow Saw
44:30 Husbandry
49:54 Scale Barding Armor
49:49 Scale Mail Armor
49:50 Padded Archer Armor
49:41 Fletching
50:01 Forging
58:54 Caravan
59:25 Coinage
61:48 Iron Casting
61:08 Bodkin Arrow
61:29 Leather Archer Armor
61:30 Chain Mail Armor
61:35 Chain Barding Armor
61:32 Light Cavalry
65:01 Ballistics
69:23 Imperial Age
BLYAAAT
0:53 Loom
11:38 Feudal Age
12:45 Double-Bit Axe
12:52 Horse Collar
24:12 Castle Age
34:09 Scale Barding Armor
34:14 Forging
34:14 Light Cavalry
34:56 Husbandry
35:06 Bloodlines
37:09 Iron Casting
36:54 Chain Barding Armor
40:50 Imperial Age
38:59 Chain Barding Armor
41:54 Caravan
41:23 Hussar
42:23 Elite Mameluke
43:25 Conscription
48:42 Plate Barding Armor
49:33 Blast Furnace
65:47 Ballistics
66:30 Chemistry
oO COOLJT Oo
11:06 Loom
12:52 Feudal Age
17:44 Castle Age
16:21 Double-Bit Axe
16:20 Horse Collar
22:26 Bow Saw
27:20 Heavy Plow
27:24 Man-at-Arms
27:49 Gambesons
28:07 Squires
27:53 Arson
28:44 Scale Mail Armor
28:55 Forging
28:54 Caravan
29:25 Coinage
29:56 Wheelbarrow
29:08 Town Watch
29:09 Long Swordsman
35:07 Imperial Age
32:53 Hand Cart
32:38 Town Patrol
33:12 Chain Mail Armor
33:33 Iron Casting
35:21 Capped Ram
36:35 Plate Mail Armor
37:06 Blast Furnace
35:31 Two-Handed Swordsman
37:09 Bloodlines
36:59 Husbandry
36:20 Light Cavalry
37:17 Scale Barding Armor
37:12 Champion
37:30 Siege Ram
38:21 Hussar
38:53 Pikeman
39:29 Halberdier
40:43 Elite Conquistador
49:39 Onager
59:18 Chain Barding Armor
64:23 Plate Barding Armor
aupaathletic
0:28 Loom
11:07 Feudal Age
11:40 Double-Bit Axe
11:41 Horse Collar
11:49 Town Watch
12:43 Wheelbarrow
20:30 Castle Age
19:08 Scale Mail Armor
21:31 Forging
22:23 Padded Archer Armor
22:41 Hand Cart
22:29 Heavy Plow
25:11 Pikeman
28:44 Arson
37:13 Imperial Age
34:51 Scale Barding Armor
35:10 Squires
37:00 Wagenburg Tactics
36:31 Elite Skirmisher
38:29 Chemistry
37:43 Fortified Wall
39:06 Conscription
39:13 Halberdier
41:29 Bow Saw
42:02 Ballistics
41:53 Elite Hussite Wagon
46:26 Light Cavalry
47:40 Chain Mail Armor
48:00 Iron Casting
47:43 Leather Archer Armor
47:18 Fletching
51:02 Two-Man Saw
59:43 Plate Mail Armor
60:14 Blast Furnace
59:58 Ring Archer Armor
MandleMagenbrot
2:44 Loom
10:51 Feudal Age
11:34 Double-Bit Axe
11:45 Town Watch
13:26 Gold Mining
13:54 Stone Mining
20:46 Castle Age
20:48 Forging
21:13 Scale Mail Armor
21:12 Crossbowman
21:52 Pikeman
23:08 Bow Saw
24:44 Gold Shaft Mining
31:43 Imperial Age
29:48 Padded Archer Armor
29:39 Fletching
30:38 Wheelbarrow
31:18 Leather Archer Armor
32:48 Husbandry
33:29 Hand Cart
33:57 Cavalier
35:21 Halberdier
36:02 Squires
38:43 Hoardings
37:30 Ordonnance Companies
39:33 Scale Barding Armor
40:04 Iron Casting
40:04 Conscription
41:06 Chivalry
43:03 Fortified Wall
44:20 Ballistics
44:57 Onager
49:46 Paladin
51:37 Chain Barding Armor
51:33 Chain Mail Armor
53:09 Blast Furnace
53:38 Bodkin Arrow
54:56 Plate Mail Armor
54:27 Arson
58:45 Plate Barding Armor
66:13 Man-at-Arms
66:39 Gambesons
66:16 Man-at-Arms
Connection lost

Rejoining the realm…

Still unreachable

The connection could not be restored.

Session expired

The server has moved on; the page needs a fresh start.